[Event "125-Jahre Werder Bremen 2024"]
[Site "Bremen"]
[Date "2024.03.04"]
[Round "3.6"]
[White "Schneider, Jana"]
[Black "Krastev, Alexander"]
[Result "1-0"]
[ECO "C70"]
[WhiteElo "2303"]
[BlackElo "2457"]
[Annotator "TA"]
[PlyCount "83"]
[EventDate "2024.02.26"]
[EventType "swiss"]
[EventCountry "GER"]
[SourceTitle "playchess.com"]
[Source "ChessBase"]
[SourceQuality "1"]
[TimeControl "40/6000+30:1800+30"]

1. e4 e5 2. Nf3 Nc6 3. Bb5 a6 4. Ba4 Bc5 5. c3 Nge7 6. d4 {[%emt 0:03:58] C70: Ruy Lopez: 3...a6 4 Ba4, Norwegian and Delayed Schliemann.} exd4 7. cxd4 Bb4+ 8. Nc3 d5 9. O-O Bxc3 10. bxc3 dxe4 11. Ng5 Bf5 12. Re1 O-O 13. Nxe4 b5 14. Bb3 Na5 15. Bc2 $146 (15. Ba3 $16 Re8 16. Bxf7+ Kxf7 17. Qf3 Kg8) ({Predecessor:} 15. Ba3 Re8 16. Bxf7+ Kxf7 17. Qf3 Nac6 18. g4 Qd5 19. Bxe7 Nxe7 20. gxf5 Kg8 21. f6 {1-0 Dvoirys,S (2466)-Nabaty,T (2644) ISR-chT Israel 2020 (7.1)}) 15... Bg6 16. h4 Nd5 17. h5 Bxe4 18. Bxe4 Nxc3 19. Bxh7+ $1 Kxh7 20. Qd3+ Kg8 21. Qxc3 Nc4 22. Re4 f5 23. Re6 Qd5 24. Rg6 Rae8 (24... Rad8 $1 $11) 25. h6 $14 (25. Rxa6 f4 26. a4 Rf5 (26... Qxh5 27. axb5 Qd1+ 28. Kh2 $11) 27. Bxf4 Rxf4 28. axb5 Rxd4 $19) 25... Rf7 26. hxg7 (26. Rxa6 $2 b4 27. Qh3 (27. Qxb4 $2 Qxd4 28. Rb1 Qd1+ 29. Kh2 Ne5 $19) 27... Qxd4 28. hxg7 Rxg7 $19 (28... Qxa1 29. Qh8#) (28... Re1+ $2 29. Kh2 $18)) (26. Bf4 $14) 26... Rxg7 27. Rxg7+ (27. Rxa6 $2 Qxg2#) 27... Kxg7 28. Bf4 Re4 29. Qg3+ (29. Bxc7 Qxd4 30. Rc1 Qxc3 31. Rxc3 Kf7 $15) 29... Kf7 30. Qg5 Qxd4 31. Qh5+ (31. Qxf5+ Ke7 32. Qh7+ Kf8 33. Bh6+ Ke8 $11) 31... Ke6 32. Rd1 Rxf4 $2 (32... Qg7 $1 $11) 33. Qe8+ $18 Kd5 34. Qf7+ (34. Rxd4+ Kxd4 35. Qh8+ Kd5 36. Qg8+ Ke5 37. Qe8+ Kd5) 34... Kc5 35. Rxd4 (35. Qxc7+ Kb4 36. Rxd4 Rxd4 $18) 35... Rxd4 36. Qxf5+ (36. Qxc7+ Kd5 37. Qb7+ Ke5 38. Qxa6 Nd6 $18) 36... Kb4 37. g4 (37. Qb1+ Ka5 38. Qc1 (38. Qe1+ b4 $18) 38... c5 $18) 37... c5 (37... Nd6 $142 38. Qf3 (38. Qb1+ Kc5 $18) 38... Kc5) 38. g5 $18 Nd6 39. Qe6 c4 40. g6 c3 41. Qb3+ (41. g7 $142 c2 42. Qb3+ (42. g8=R $2 {is the wrong capture.} c1=Q+ 43. Kg2 Qc6+ 44. Kf1 Qc4+ 45. Qxc4+ bxc4 $19) (42. Qe1+ Kc5 $18) 42... Ka5 43. Qxc2 (43. g8=B Rg4+ 44. Kh2 c1=Q 45. Bd5 Rh4+) (43. g8=Q c1=Q+ 44. Kg2 Nf5 $17) (43. Qc3+ b4 $18) 43... Rg4+ 44. Kh2) 41... Kc5 $18 42. Qxc3+ 1-0

[Event "125-Jahre Werder Bremen 2024"]
[Site "Bremen"]
[Date "2024.03.04"]
[Round "3.7"]
[White "Kopylov, Daniel"]
[Black "Meins, Gerlef"]
[Result "1/2-1/2"]
[ECO "B67"]
[WhiteElo "2346"]
[BlackElo "2390"]
[Annotator "TA"]
[PlyCount "49"]
[EventDate "2024.02.26"]
[EventType "swiss"]
[EventCountry "GER"]
[SourceTitle "playchess.com"]
[Source "ChessBase"]
[SourceQuality "1"]
[TimeControl "40/6000+30:1800+30"]

1. e4 c5 2. Nf3 Nc6 3. d4 cxd4 4. Nxd4 Nf6 5. Nc3 d6 6. Bg5 e6 7. Qd2 a6 8. O-O-O Bd7 9. f4 b5 10. Bxf6 gxf6 11. f5 Qb6 12. Nxc6 Bxc6 13. Bd3 O-O-O 14. Kb1 {[%emt 0:01:58] White is slightly better.} Rg8 (14... d5 $11) 15. fxe6 (15. Rhf1 $16) 15... fxe6 $14 16. Rhf1 Rg6 17. Ne2 Rxg2 {[%emt 0:24:23] [#]} 18. Rxf6 (18. Qc3 $1 $16) 18... Rxh2 $11 19. Rf7 Bh6 {[%emt 0:13:07] Wards off Qf4} 20. Qc3 {[%emt 0:03:38][%mdl 1024] White has compensation.} Be3 {[%emt 0:00:52] Inhibits Nd4.} ({Black should try} 20... Qc5 $11) 21. e5 ({Better is} 21. Rf3 $14 b4 22. Qc4) 21... Qc5 {[%emt 0:03:02] The position is equal.} 22. Qa5 Qb6 ({Stronger than} 22... Qxe5 23. Qc7#) 23. Qc3 {[%emt 0:00:53] Black must now prevent exd6. Dancing on a razor blade.} Qc5 24. Qa5 Qb6 ({And not} 24... Qxe5 25. Qc7#) 25. Qc3 {[%emt 0:01:35] Weighted Error Value: White=0.16 (very precise) /Black=0.15 (very precise) .  Mistake:       	White=3     	Black=2      Inaccurate:     	---       	Black=1      OK:         	White=7     	Black=6} 1/2-1/2

[Event "125-Jahre Werder Bremen 2024"]
[Site "Bremen"]
[Date "2024.03.04"]
[Round "3.8"]
[White "Gloeckler, Christian"]
[Black "Kopylov, Michael"]
[Result "1-0"]
[ECO "B23"]
[WhiteElo "2356"]
[BlackElo "2352"]
[Annotator "TA"]
[PlyCount "49"]
[EventDate "2024.02.26"]
[EventType "swiss"]
[EventCountry "GER"]
[SourceTitle "playchess.com"]
[Source "ChessBase"]
[SourceQuality "1"]
[TimeControl "40/6000+30:1800+30"]

1. e4 c5 2. Nc3 d6 3. d4 cxd4 4. Qxd4 Nc6 5. Qd2 Nf6 6. b3 g6 7. Bb2 Bg7 8. O-O-O {[%emt 0:00:10] White is slightly better.} O-O 9. f3 Qa5 10. Kb1 Bd7 11. h4 Rfc8 12. Nge2 Rab8 13. g4 Ne5 (13... h5 $14) 14. Bg2 b5 {[%emt 0:04:13] [#]} 15. g5 $1 Nh5 {[%emt 0:12:50][%cal Oe5c4] Hoping for ...Nc4!} 16. Nd5 $1 Qxd2 17. Rxd2 Kf8 18. f4 Ng4 19. Bxg7+ Kxg7 20. Bf3 e5 {[%emt 0:09:37] [#]} (20... Kf8 {is more resistant.} 21. f5 Ne5 (21... gxf5 $2 22. exf5 Bxf5 23. Rg1 $18) 22. Bxh5 Bc6 23. fxg6 hxg6 24. Bxg6 fxg6) 21. f5 $1 $18 {[%emt 0:02:59][%mdl 512] White is clearly winning.} gxf5 22. exf5 ({Weaker is} 22. Rg1 Nf4 23. Nexf4 exf4 24. exf5 (24. Nxf4 Ne5 $18) 24... Ne5 $18) 22... Bxf5 23. Ne7 Be6 24. Nxc8 ({Not} 24. Rxd6 Rc7 $18) 24... Rxc8 25. Rg1 {[%emt 0:01:30] Weighted Error Value: White=0.05 (flawless) /Black=0.31.  Mistake:       	---       	Black=2      Inaccurate:     	White=1     	Black=2      OK:         	White=9     	Black=6      Best:        	White=1     	---        Strong:       	White=1     	---        Brilliant:      	White=1     	---} ({Much less strong is} 25. Rxd6 e4 $18) 1-0

[Event "125-Jahre Werder Bremen 2024"]
[Site "Bremen"]
[Date "2024.03.04"]
[Round "3.9"]
[White "Knaak, Rainer"]
[Black "Wiegmann, Sascha"]
[Result "1/2-1/2"]
[ECO "D27"]
[WhiteElo "2450"]
[BlackElo "2297"]
[Annotator "RC"]
[PlyCount "102"]
[EventDate "2024.02.26"]
[EventType "swiss"]
[EventCountry "GER"]
[SourceTitle "playchess.com"]
[Source "ChessBase"]
[SourceQuality "1"]
[TimeControl "40/6000+30:1800+30"]

1. d4 d5 2. c4 dxc4 3. e3 Nf6 4. Bxc4 e6 5. Nf3 a6 6. O-O c5 7. b3 cxd4 8. Nxd4 Nbd7 9. Bb2 b5 10. Be2 Bb7 11. Nd2 Be7 12. a4 b4 13. Bf3 Nd5 14. Nc4 O-O 15. e4 Nc3 16. Bxc3 bxc3 17. Ne2 Bb4 18. Qc2 Nc5 19. Rfd1 Qc7 20. Nxc3 Bxc3 21. Qxc3 Bxe4 22. Bxe4 Nxe4 23. Qe3 Nf6 24. Qb6 Rfc8 25. Qxc7 Rxc7 26. Nb6 Rb8 27. a5 g6 28. Rac1 Rxc1 29. Rxc1 Nd5 30. Rc6 Rd8 31. g3 Nb4 32. Rc4 Rd1+ 33. Kg2 Nd3 34. Rc8+ Kg7 35. Nc4 e5 36. Re8 Rb1 37. Re7 Rxb3 38. Ra7 h5 39. h4 Kg8 40. Ra8+ Kg7 41. Ra7 Kg8 42. Rxa6 Rb4 43. Rc6 e4 44. a6 Ra4 45. Nd2 f5 46. Rxg6+ Kf7 47. Rc6 Ra2 48. Nc4 Ne1+ 49. Kf1 Nf3 50. Ne3 Ra1+ 51. Kg2 Rg1+ 1/2-1/2

[Event "125-Jahre Werder Bremen 2024"]
[Site "Bremen"]
[Date "2024.03.04"]
[Round "3.10"]
[White "Pajeken, Jakob Leon"]
[Black "Radeva, Viktoria"]
[Result "1-0"]
[ECO "C11"]
[WhiteElo "2424"]
[BlackElo "2325"]
[Annotator "TA"]
[PlyCount "97"]
[EventDate "2024.02.26"]
[EventType "swiss"]
[EventCountry "GER"]
[SourceTitle "playchess.com"]
[Source "ChessBase"]
[SourceQuality "1"]
[TimeControl "40/6000+30:1800+30"]

1. e4 e6 2. d4 d5 3. Nc3 Nf6 4. e5 Nfd7 5. f4 c5 6. Nf3 Nc6 7. Be3 a6 8. a3 cxd4 9. Nxd4 Nxd4 {[%emt 0:02:30] C11: French: Classical System: 4 e5 and 4 Bg5 dxe4.} 10. Bxd4 Bc5 11. Bxc5 Nxc5 12. Qd4 Qb6 13. O-O-O Nd7 14. Qd2 $146 ({Predecessor:} 14. Qxb6 Nxb6 15. a4 Bd7 16. Rd4 Nc8 17. Rb4 Ra7 18. Ne2 Ne7 19. Nd4 Kd8 20. a5 {½-½ Tomczak,J (2461)-Mustafaev,J (2393) Wch U18 Vung Tau 2008 (4)}) 14... O-O 15. g4 Qc7 16. Bg2 (16. g5 $14) 16... Nb6 17. Rhf1 Bd7 18. Qd4 Rac8 19. Rf3 Qc5 20. Bf1 (20. Qxc5 {simplifies} Rxc5 21. Ne2 Nc4 22. Nd4) 20... Na4 21. Qxc5 Rxc5 22. Nxa4 Bxa4 23. b3 Bb5 24. Bxb5 Rxb5 25. Rc3 f6 26. exf6 Rxf6 27. Rd4 Rb6 28. Kd2 Rd6 29. Rc8+ Rf8 30. Rxf8+ Kxf8 31. c4 Ke7 32. c5 Rc6 (32... Rd7 $1 $11) 33. Rb4 $1 $16 Rc7 34. Rb6 h5 (34... Rxc5 $14 35. Rxb7+ Kf6) 35. g5 $1 $18 (35. gxh5 Rxc5 36. Rxb7+ Kf6 $11) 35... Kf7 36. b4 Kg6 37. Ke3 $1 (37. Rxe6+ Kf5 38. Re5+ Kxf4 39. Rxd5 h4 $16) 37... Kf5 {[%emt 0:00:16] [#]} 38. Rd6 $1 a5 39. h3 (39. bxa5 $2 Rxc5 40. Rd7 Rxa5 41. Rf7+ Kg6 (41... Kg4 42. g6 $17) 42. Rxb7 Rxa3+ 43. Kd4 Rf3 $19) 39... axb4 $2 (39... h4 $16 40. Rd8 (40. bxa5 $2 {is the wrong capture.} Rxc5 41. a4 Rxa5 $19) 40... Kg6) 40. axb4 $18 h4 {[%emt 0:01:30] [#]} 41. Rd8 $1 Kg6 42. Re8 Kf7 $2 (42... Kf5 43. Rf8+ Kg6) 43. Rb8 $18 Kg6 44. Rd8 Rf7 (44... Kf5 $142 45. Rd6 (45. Rf8+ Kg6 $16) 45... d4+ 46. Rxd4 (46. Kxd4 Kxf4 47. Rxe6 Rd7+ 48. Kc4 Kxg5 $16) 46... b6 47. cxb6 Rc3+ 48. Kd2 Rc6) 45. b5 $18 Kf5 46. b6 Kg6 47. Rc8 e5 48. fxe5 Kxg5 49. Rc7 1-0

[Event "125-Jahre Werder Bremen 2024"]
[Site "Bremen"]
[Date "2024.03.04"]
[Round "3.11"]
[White "Reuker, Jari"]
[Black "Colbow, Collin"]
[Result "1/2-1/2"]
[ECO "E11"]
[WhiteElo "2383"]
[BlackElo "2373"]
[Annotator "TA"]
[PlyCount "93"]
[EventDate "2024.02.26"]
[EventType "swiss"]
[EventCountry "GER"]
[SourceTitle "playchess.com"]
[Source "ChessBase"]
[SourceQuality "1"]
[TimeControl "40/6000+30:1800+30"]

1. d4 Nf6 2. c4 e6 3. g3 d5 4. Nf3 Bb4+ 5. Bd2 Be7 6. Bg2 O-O 7. O-O Nbd7 8. b4 c6 9. Qb3 Ne4 10. a4 f5 11. Rc1 g5 12. b5 Bf6 13. e3 g4 14. Ne1 dxc4 (14... Rf7 $14) 15. Qxc4 $16 Nb6 16. Qa2 cxb5 17. axb5 a6 18. Qb3 Qd5 19. Qxd5 Nxd5 20. Nd3 b6 21. Nb4 a5 22. Nxd5 exd5 23. Nc3 Bb7 24. Be1 Rfc8 25. Na4 Bd8 26. Bc3 Rab8 27. Bb2 Rxc1+ 28. Rxc1 Rc8 29. Rxc8 Bxc8 30. Ba3 Bd7 31. Bf1 Kf7 32. Bd3 h5 33. Kf1 Kg6 34. Ke2 Kg5 35. Bf8 h4 36. gxh4+ Kxh4 {[%emt 0:00:08] ...Kh3 is the strong threat.} 37. Bg7 Kh3 $1 38. Be5 Kg2 39. Bg3 Nxg3+ ({Black should play} 39... Kg1 $15) 40. hxg3 $15 {[%emt 0:00:06][%mdl 4096] Endgame. KBB-KBN. The position is equal.} Bc7 41. Nc3 Be6 42. Bc2 Bd6 43. Bb3 Kg1 44. Bxd5 Bxd5 45. Nxd5 a4 46. Nc3 $1 a3 47. Na2 {[%emt 0:01:48] Weighted Error Value: White=0.10 (very precise) /Black=0.10 (very precise) .  Mistake:       	---       	Black=2      Inaccurate:     	White=4     	Black=4      OK:         	White=14    	Black=16     Best:        	---       	Black=2      Strong:       	White=1     	Black=1} 1/2-1/2

[Event "125-Jahre Werder Bremen 2024"]
[Site "Bremen"]
[Date "2024.03.04"]
[Round "3.12"]
[White "Breutigam, Martin"]
[Black "Guichard, Pauline"]
[Result "1-0"]
[ECO "E51"]
[WhiteElo "2359"]
[BlackElo "2385"]
[Annotator "TA"]
[PlyCount "89"]
[EventDate "2024.02.26"]
[EventType "swiss"]
[EventCountry "GER"]
[SourceTitle "playchess.com"]
[Source "ChessBase"]
[SourceQuality "1"]
[TimeControl "40/6000+30:1800+30"]

1. d4 Nf6 2. c4 e6 3. Nc3 Bb4 4. e3 O-O 5. Bd2 d5 6. Nf3 b6 7. cxd5 exd5 8. Rc1 Be7 9. Bd3 Bb7 10. O-O {[%emt 0:01:09] The position is equal.} c5 11. dxc5 bxc5 12. Re1 Nbd7 13. e4 c4 14. Bb1 dxe4 15. Nxe4 Nxe4 16. Bxe4 Bxe4 17. Rxe4 Bf6 18. Bc3 Bxc3 19. Rxc3 {[%emt 0:10:41][%cal Oe4d4] [#] And now Rd4! would win.} Nb6 20. Qe2 Re8 21. Rxe8+ Qxe8 22. Re3 Qa4 23. h4 h6 24. a3 Rd8 25. Kh2 Qb5 26. g3 Kf8 (26... Nc8 $11) 27. Ne5 $16 {[%emt 0:18:49][%cal Oa3a4,Bf3e5,Be5c4,Bc4e3][%mdl 32] White leaves nothing to chance now.} Re8 {[%emt 0:05:16] [#]} (27... Kg8 $142) 28. b3 $1 {[%emt 0:01:51][%mdl 512] Strongly threatening a4.} Kg8 29. Nxc4 ({Resist} 29. bxc4 Qc5 $16) 29... Rxe3 (29... Rc8 $142 30. Nxb6 Qxe2 31. Rxe2 axb6) 30. Qxe3 $18 {[%emt 0:00:26][%mdl 4096] Endgame. KQN-KQN} Nc8 31. Qd4 {[%emt 0:06:44] Hoping for Qd8+.} Kh7 32. b4 Qf5 33. Kg2 Ne7 $2 (33... Qb5 34. Ne3 Qb7+ 35. Kg1 Ne7) 34. Ne3 ({Not} 34. Qxa7 Qe4+ 35. Kg1 (35. Kh2 Nf5 $18) 35... Qxc4 $18) 34... Qe6 35. Qxa7 Nc6 36. Qc5 Qe4+ 37. f3 Qe8 38. Qf5+ g6 39. Qe4 Qd7 40. Nd5 Qd6 {[%emt 0:00:22] Against Nf6+} 41. b5 f5 42. Qc4 Ne7 43. Nxe7 {[%emt 0:00:29] White mates.} Qxe7 44. b6 Qxa3 45. Qc7+ {[%emt 0:00:13] Weighted Error Value: White=0.05 (flawless) /Black=0.29 (precise) .  Mistake:       	---       	Black=4      Inaccurate:     	White=1     	Black=1      OK:         	White=16    	Black=13     Best:        	---       	Black=2      Brilliant:      	White=1     	---} 1-0

[Event "125-Jahre Werder Bremen 2024"]
[Site "Bremen"]
[Date "2024.03.05"]
[Round "4.1"]
[White "Cheng, Bobby"]
[Black "Aditya Mittal"]
[Result "0-1"]
[ECO "D14"]
[WhiteElo "2584"]
[BlackElo "2594"]
[Annotator "TA"]
[PlyCount "72"]
[EventDate "2024.02.26"]
[EventType "swiss"]
[EventCountry "GER"]
[SourceTitle "playchess.com"]
[Source "ChessBase"]
[SourceQuality "1"]
[TimeControl "40/6000+30:1800+30"]

1. d4 d5 2. c4 c6 3. cxd5 cxd5 4. Nc3 Nf6 5. Nf3 Nc6 6. Bf4 Bf5 7. e3 e6 8. Ne5 Bb4 (8... Nxe5 {simplifies} 9. Bxe5 Nd7 10. Bg3 a6) 9. Qb3 a5 10. Bb5 O-O {[%emt 0:00:02][%cal Oa5a4] White is slightly better.} 11. O-O Nxe5 12. Bxe5 h5 13. f3 {[%emt 0:07:17] Repels Ng4} h4 14. Rac1 Rc8 15. a3 Bd6 16. Bxd6 Qxd6 17. Be2 e5 18. Nb5 (18. Qxb7 $2 exd4 19. exd4 Qf4 $19) 18... Qb6 19. a4 (19. dxe5 $2 a4 20. Rxc8 axb3 $19) 19... e4 20. f4 h3 21. g3 Bg4 22. Bxg4 Nxg4 23. Rfe1 Rfd8 24. Qa3 Qe6 25. Nc7 $2 {[%emt 0:02:10] [#]} ({White should try} 25. Rc3 $15) 25... Qd7 $1 $19 26. Nb5 Nh6 $2 (26... Nf2 $19 {[%cal Od7g4] has better winning chances. ( -> ...Qg4!)} 27. Rxc8 (27. Kxf2 {gets mated.} Qg4 28. Red1 Qf3+ 29. Ke1 Qh1+ 30. Kf2 Qxh2+ 31. Ke1 Qxg3+ 32. Ke2 Qg2+ 33. Ke1 h2) 27... Rxc8) 27. Qb3 Qg4 28. Rc3 Nf5 29. Qc2 Rxc3 $40 {[%emt 0:07:57][%mdl 128] Black wants a kill.} ({But not} 29... Nxg3 30. hxg3 Qxg3+ 31. Kf1 $11) 30. Nxc3 Nh4 {[%emt 0:03:41] [#] White must now prevent ...Nf3+.} 31. Qe2 Nf3+ (31... Qxe2 {simplifies} 32. Rxe2 Nf3+ 33. Kf1 Kf8) 32. Kh1 Rc8 {[%emt 0:00:38] Black has more active pieces.} 33. Nxd5 $2 (33. Rf1 $17) 33... Qe6 34. Nc3 Nxe1 35. Qxe1 Qb3 36. Qa1 Qc2 {[%emt 0:00:16] Weighted Error Value: White=0.58/Black=0.12 (very precise) .  Loses game:     	White=2     	---        Missed win:     	---       	Black=1      Inaccurate:     	White=2     	Black=1      OK:         	White=8     	Black=10     Best:        	White=2     	Black=3      Strong:       	---       	Black=1} 0-1

[Event "125-Jahre Werder Bremen 2024"]
[Site "Bremen"]
[Date "2024.03.05"]
[Round "4.2"]
[White "Gumularz, Szymon"]
[Black "Gloeckler, Christian"]
[Result "1/2-1/2"]
[ECO "E48"]
[WhiteElo "2590"]
[BlackElo "2356"]
[Annotator "TA"]
[PlyCount "42"]
[EventDate "2024.02.26"]
[EventType "swiss"]
[EventCountry "GER"]
[SourceTitle "playchess.com"]
[Source "ChessBase"]
[SourceQuality "1"]
[TimeControl "40/6000+30:1800+30"]

1. d4 Nf6 2. c4 e6 3. Nc3 Bb4 4. e3 O-O 5. Bd3 d5 6. cxd5 exd5 7. a3 Bd6 8. Qc2 c6 9. Nge2 {[%emt 0:00:33] The position is equal.} Re8 10. Bd2 Nbd7 11. f3 a6 12. g4 Nf8 $1 13. O-O-O b5 14. g5 N6d7 15. e4 Bb7 (15... Nb6 $5) 16. e5 Be7 17. Rhg1 g6 {[%emt 0:03:09] Black wants to play ...c5.} 18. f4 {[%emt 0:13:04] Hoping for f5.} c5 19. f5 (19. h4 $11 {keeps the balance.}) 19... b4 (19... cxd4 $17 20. e6 fxe6 (20... dxc3 $2 21. Bxc3 Bxg5+ 22. Kb1 $19) 21. Nxd4 Bc5 (21... gxf5 $2 {perishes.} 22. g6 $16) (21... exf5 22. Nxf5 b4 23. Nxe7+ Qxe7 24. axb4 $11) 22. Nxe6 Nxe6 23. fxe6 Rxe6) 20. e6 bxc3 $15 21. exf7+ Kxf7 {[%emt 0:01:23] Weighted Error Value: White=0.18 (very precise) /Black=0.16 (very precise) .  Mistake:       	White=2     	Black=1      Inaccurate:     	White=1     	Black=1      OK:         	White=4     	Black=5      Best:        	White=1     	Black=1      Strong:       	---       	Black=1} 1/2-1/2

[Event "125-Jahre Werder Bremen 2024"]
[Site "Bremen"]
[Date "2024.03.05"]
[Round "4.3"]
[White "Efimenko, Zahar"]
[Black "Schneider, Jana"]
[Result "1-0"]
[ECO "E14"]
[WhiteElo "2568"]
[BlackElo "2303"]
[Annotator "TA"]
[PlyCount "125"]
[EventDate "2024.02.26"]
[EventType "swiss"]
[EventCountry "GER"]
[SourceTitle "playchess.com"]
[Source "ChessBase"]
[SourceQuality "1"]
[TimeControl "40/6000+30:1800+30"]

1. Nf3 d5 2. e3 Nf6 3. c4 e6 4. b3 Nbd7 5. Bb2 b6 6. Nc3 Bb7 7. d4 Bd6 8. Bd3 a6 9. O-O O-O 10. Rc1 Re8 11. cxd5 exd5 12. Ne2 Ne4 13. Ng3 Nxg3 14. hxg3 Nf6 15. Ne5 c5 16. f4 Ne4 (16... Bc8 $11 {remains equal.}) 17. Bxe4 (17. Qh5 {feels hotter.} Qe7 18. Bxe4 dxe4 19. Nc4) 17... dxe4 18. Qe2 Rc8 19. dxc5 Rxc5 (19... Bxe5 $1 $14 20. Bxe5 Rxc5) 20. Rxc5 Bxc5 21. Rd1 Qc8 $1 (21... Bxe3+ $2 22. Kh2 Qe7 23. Rd7 $18 (23. Qxe3 Qc5 $18)) 22. Nd7 Rd8 $2 (22... Qc6 $1 $14) 23. Qg4 $1 $18 (23. Nxc5 Rxd1+ 24. Qxd1 bxc5 $16) 23... Bf8 24. Nf6+ Kh8 25. Rxd8 $1 Qxd8 26. Qf5 $1 g6 (26... gxf6 $2 {is the wrong capture.} 27. Bxf6+ $18) ({Inferior is} 26... Qd1+ 27. Kh2 g6 28. Ng4+ (28. Nxe4+ Bg7 $18) 28... Kg8 29. Qf6) 27. Nxe4+ $2 (27. Qh3 $18 {[%csl Gf6][%cal Rh3h7] and White stays clearly on top.} h6 28. Nxe4+ Kh7 29. Nf6+ Kg7 30. Bd4) 27... Bg7 $16 28. Bxg7+ $1 ({Much weaker is} 28. Qxf7 $6 Qd1+ 29. Kf2 Qc2+ 30. Kg1 Qd1+ 31. Kh2 Qh5+ 32. Kg1 Qd1+ $11) 28... Kxg7 29. Qe5+ f6 30. Qd6 Qxd6 31. Nxd6 Bc6 32. e4 ({White should try} 32. Nc4 $16) 32... Kf8 33. Kf2 Ke7 34. Nc8+ Kd8 (34... Ke6 $1 $14) 35. Nxb6 $16 Bxe4 36. Na4 Bc6 37. Nc5 a5 38. g4 Ke7 (38... Kc7 $142) 39. g3 (39. a3 $1 $16) 39... Kd6 $14 40. Nd3 Bd7 41. g5 fxg5 42. fxg5 Kd5 43. Ke3 Bf5 ({Better is} 43... Bc8 $1 $14) 44. a3 $1 $16 Bc8 {[%emt 0:00:00] [#]} 45. Nf2 ({White has to play} 45. Nb2 $1 $16 {[%cal Rb2c4] Black must now prevent Nc4.} Ba6 46. a4) 45... Bf5 $1 $11 46. Nd3 (46. Nd1 $14) 46... Bc8 $18 {[%emt 0:00:00] [#]} 47. b4 $2 (47. Nb2 $1 $18 {[%cal Rb2c4] Strongly threatening Nc4.} Ba6 48. Na4) 47... axb4 $11 48. Nxb4+ Kc4 $2 (48... Ke5 $11) 49. Kf4 Kb3 50. Nd5 Kxa3 51. Nf6 Kb4 52. Nxh7 Bf5 53. Nf8 Kc3 54. Ke5 Kd2 55. Kf6 Ke3 56. Nxg6 Bb1 57. Ne5 Kf2 58. g4 Kg3 59. g6 Kh4 60. g7 Bh7 61. g5 Kh5 62. Nc6 Kg4 63. Ne7 1-0

[Event "125-Jahre Werder Bremen 2024"]
[Site "Bremen"]
[Date "2024.03.05"]
[Round "4.4"]
[White "Wachinger, Nikolas"]
[Black "Plat, Vojtech"]
[Result "1-0"]
[ECO "B29"]
[WhiteElo "2442"]
[BlackElo "2528"]
[Annotator "TA"]
[PlyCount "63"]
[EventDate "2024.02.26"]
[EventType "swiss"]
[EventCountry "GER"]
[SourceTitle "playchess.com"]
[Source "ChessBase"]
[SourceQuality "1"]
[TimeControl "40/6000+30:1800+30"]

1. e4 c5 2. Nf3 Nf6 3. e5 Nd5 4. Nc3 e6 5. Ne4 f5 6. Nc3 Ne7 7. d4 cxd4 8. Nxd4 a6 {[%emt 0:08:48] Dodges Ndb5. White is slightly better.} 9. Be3 Nbc6 10. f4 $40 {[%emt 0:00:30][%mdl 128] Black needs to defend precisely.} Nxd4 11. Qxd4 b5 12. O-O-O Bb7 13. Kb1 Nc6 (13... Rc8 $11) 14. Qd2 {[%emt 0:00:47] White is more active.} Bb4 15. a3 Be7 16. Rg1 {[%emt 0:06:16][%cal Bh1g1,Bg1g4,Bg4g7,Bg7e7][%mdl 32] And now g4 would win.} h5 17. h3 {[%emt 0:03:29] Black must now prevent g4.} Na5 $2 {[%emt 0:00:41] This move loses the game for Black.} (17... b4 $16) 18. g4 hxg4 19. hxg4 fxg4 (19... g6 {was necessary.} 20. b4 Bc6 21. bxa5 Qxa5 22. gxf5 gxf5) 20. Rxg4 $18 Bf3 21. Rxg7 {[%emt 0:00:05] [#] Hoping for Be2.} Bxd1 22. Qxd1 Qc7 23. Qg4 {[%emt 0:00:54] Intending Qg6+ and mate.} O-O-O 24. Rxe7 Nc4 25. Bxc4 Qxc4 (25... Rh1+ $142 26. Bc1 Qxc4) 26. Qf3 {[%emt 0:00:16] Qa8+ would kill now.} Kc7 27. f5 Rdf8 28. b3 (28. Bb6+ $142 Kxb6 29. Rxd7 (29. f6 Kc7 $14)) 28... Qh4 {[%emt 0:00:14] [#]} (28... Qxc3 $2 {is the wrong capture.} 29. Bb6+ Kxb6 30. Qxc3) (28... Qc6 $18) 29. Rxd7+ $3 {[%emt 0:01:12][%mdl 512] White mates.} Kxd7 30. Qb7+ Ke8 31. Qc6+ Kf7 32. Qxe6+ {[%emt 0:00:06] Weighted Error Value: White=0.58/Black=0.57.  Loses game:     	---       	Black=1      Mistake:       	---       	Black=3      Inaccurate:     	White=2     	Black=1      OK:         	White=8     	Black=9      Best:        	White=1     	Black=1} 1-0